Map: Zielone pola

Players

papito - Winner!

  • Race: Protoss Protoss
  • Spawn Location: 9:00

Marine - Winner!

  • Race: Terran Terran
  • Spawn Location: 7:00

Gracz - Winner!

  • Race: Zerg Zerg
  • Spawn Location: 6:00

BitZero

  • Race: Protoss Protoss
  • Spawn Location: 3:00

Louis

  • Race: Terran Terran
  • League: Bronze
  • Spawn Location: 1:00

Sakura

  • Race: Zerg Zerg
  • Spawn Location: 12:00

VOD

Have the link to the VOD?

Description

Time

  • Played on: March 1, 2016, 8:51 a.m.
  • Length: 21:26
Show
View Real Time Build Order
Export as new Build Order

papito Protoss - Winner!

Build Orders:  

Get SALT Encoding   

  12  0:16  Pylon  
  12  0:21  Pylon  
  12  0:30  Pylon  
  12  0:42  Forge  
  12  1:00  Gateway  
  12  1:02  Probe (Chrono Boost)  
  13  1:13  Probe (Chrono Boost)  
  14  1:21  Photon Cannon  
  14  1:34  Photon Cannon  
  14  1:52  Pylon  
  14  1:54  Probe (Chrono Boost)  
  15  2:02  Assimilator  
  15  2:05  Probe (Chrono Boost)  
  15  2:06  Assimilator  
  17  2:15  Probe (Chrono Boost)  
  17  2:26  Probe (Chrono Boost)  
  18  2:32  Photon Cannon  
  18  2:43  Pylon  
  18  2:55  Cybernetics Core  
  18  3:19  Pylon  
  18  3:35  Nexus  
  18  3:40  Probe (Chrono Boost)  
  19  3:48  Pylon  
  19  3:50  Probe (Chrono Boost)  
  19  3:55  Photon Cannon  
  20  4:01  Probe (Chrono Boost)  
  21  4:03  Photon Cannon  
  21  4:11  Probe (Chrono Boost)  
  22  4:22  Probe (Chrono Boost)  
  23  4:32  Probe (Chrono Boost)  
  23  4:34  Assimilator  
  24  4:39  Assimilator  
  24  4:43  Probe (Chrono Boost)  
  25  4:53  Stargate x2  
  25  5:18  Pylon  
  25  5:19  Probe (Chrono Boost)  
  26  5:30  Probe (Chrono Boost)  
  27  5:40  Probe (Chrono Boost)  
  27  5:41  Fleet Beacon  
  28  5:51  Probe (Chrono Boost)  
  28  5:56  Probe (Chrono Boost)  
  30  6:01  Probe (Chrono Boost)  
  31  6:06  Stargate  
  31  6:12  Probe (Chrono Boost)  
  32  6:23  Probe (Chrono Boost)  
  33  6:33  Stargate, Probe (Chrono Boost)  
  33  6:39  Stargate  
  34  6:40  Stargate  
  34  6:47  Warp Gate  
  34  6:52  Probe (Chrono Boost)  
  35  7:03  Probe  
  35  7:08  Photon Cannon x2  
  36  7:15  Carrier (Chrono Boost), Probe  
  43  7:27  Probe  
  44  7:32  Carrier (Chrono Boost)  
  50  7:39  Probe  
  51  7:56  Photon Cannon  
  51  7:58  Photon Cannon  
  51  8:02  Photon Cannon  
  51  8:04  Photon Cannon  
  51  8:06  Photon Cannon  
  51  8:16  Photon Cannon  
  63  8:31  Carrier (Chrono Boost)  
  63  8:39  Carrier (Chrono Boost)  
  63  8:47  Photon Cannon  
  63  8:50  Photon Cannon  
  63  8:54  Pylon  
  63  9:12  Carrier (Chrono Boost)  
  69  9:36  Carrier (Chrono Boost)  
  75  10:32  Carrier (Chrono Boost)  
  93  10:45  Carrier (Chrono Boost)  
  93  10:46  Carrier (Chrono Boost)  
  93  10:53  Carrier (Chrono Boost)  
  99  11:00  Pylon  
  99  11:03  Pylon  
  99  11:14  Pylon  
  99  11:16  Pylon  
  99  11:19  Pylon  
  101  11:25  Mothership Core  
  107  11:44  Carrier (Chrono Boost)  
  107  11:56  Carrier (Chrono Boost)  
  119  12:14  Carrier (Chrono Boost)  
  119  12:24  Carrier (Chrono Boost)  
  137  13:34  Carrier (Chrono Boost)  
  137  13:53  Pylon  
  137  13:57  Pylon  
  137  13:59  Pylon  
  137  14:03  Pylon  
  143  14:46  Carrier (Chrono Boost)  
  143  15:18  Carrier (Chrono Boost)  
  157  15:54  Tempest x2 (Chrono Boost)  
Show
View Real Time Build Order
Export as new Build Order

Marine Terran - Winner!

Build Orders: Hellion Opening, Mech 

Get SALT Encoding   

  12  0:01  SCV  
  13  0:13  SCV  
  14  0:17  Supply Depot  
  14  0:25  Refinery  
  14  0:29  SCV  
  15  0:42  Barracks  
  15  0:50  Refinery  
  15  0:54  SCV  
  16  1:06  SCV  
  17  1:18  SCV  
  18  1:30  SCV  
  18  1:31  Factory  
  18  1:32  Barracks Tech Lab  
  19  1:46  Orbital Command  
  19  1:58  Barracks Reactor  
  19  2:12  SCV  
  20  2:19  Infernal Pre-Igniter  
  20  2:20  Supply Depot  
  20  2:25  Hellion  
  20  2:27  SCV  
  23  2:39  Factory  
  23  2:44  SCV  
  23  2:50  Hellion  
  26  2:57  Supply Depot, SCV  
  27  3:11  Hellion  
  29  3:33  Command Center  
  29  3:34  Hellion  
  31  3:42  SCV  
  31  3:45  Hellion  
  31  3:47  Hellion  
  36  3:54  SCV  
  37  4:11  SCV  
  38  4:26  SCV  
  39  4:38  Command Center  
  45  4:45  Hellion x3  
  45  4:48  Supply Depot  
  47  5:07  Hellion  
  47  5:13  SCV  
  47  5:14  Orbital Command  
  48  5:17  Refinery  
  48  5:26  SCV  
  47  5:38  SCV  
  46  5:50  SCV x2  
  46  5:51  Widow Mine x2  
  46  5:52  Siege Tank  
  55  6:02  Factory, SCV  
  55  6:03  SCV  
  55  6:04  Starport  
  57  6:06  Orbital Command  
  57  6:14  SCV  
  57  6:15  SCV  
  59  6:22  Widow Mine x2  
  63  6:26  Engineering Bay, SCV  
  63  6:27  SCV  
  65  6:36  Siege Tank  
  65  6:38  SCV  
  65  6:39  SCV  
  70  6:43  SCV  
  71  6:47  Factory Tech Lab  
  71  6:49  Starport Tech Lab  
  71  6:50  SCV  
  71  6:51  SCV, Widow Mine x2  
  71  6:52  Armory  
  77  6:56  SCV  
  77  6:57  Armory  
  76  7:02  SCV  
  77  7:29  Liberator  
  77  7:31  Supply Depot  
  77  7:32  Supply Depot  
  77  7:33  Supply Depot  
  77  7:35  Siege Tank, Widow Mine x2  
  85  7:52  Siege Tank  
  85  7:53  Supply Depot  
  85  7:56  Supply Depot  
  84  7:58  Supply Depot  
  84  8:03  Widow Mine x2  
  84  8:34  Siege Tank  
  84  8:58  Siege Tank  
  84  9:06  Siege Tank  
  87  9:11  Drilling Claws  
  87  9:12  Command Center, Widow Mine x2  
  87  9:15  Terran Vehicle Weapons Level 1  
  91  9:23  Refinery  
  91  9:27  Supply Depot  
  91  9:29  Supply Depot  
  91  9:30  Siege Tank  
  94  9:38  Siege Tank  
  97  9:40  Refinery  
  97  9:41  Missile Turret  
  97  9:42  Command Center  
  97  9:43  Starport  
  97  9:45  Fusion Core  
  97  9:47  Missile Turret, Refinery  
  97  9:48  Missile Turret  
  97  9:50  Supply Depot  
  97  9:52  Supply Depot  
  97  10:02  Siege Tank  
  97  10:03  Missile Turret  
  98  10:09  Liberator  
  98  10:11  Missile Turret  
  98  10:12  Refinery  
  96  10:14  Refinery  
  96  10:24  Starport Reactor  
  96  10:25  SCV  
  86  11:00  Widow Mine x4  
  86  11:02  Viking x2  
  95  11:05  Orbital Command  
  95  11:09  Viking  
  95  11:25  Orbital Command  
  95  11:28  SCV, Widow Mine x2  
  95  11:29  Widow Mine x2  
  95  11:31  Missile Turret  
  95  11:32  Viking  
  106  11:46  Battlecruiser, Viking  
  114  11:50  Terran Vehicle And Ship Armor Level 1, Missile Turret  
  114  11:51  Missile Turret  
  114  11:52  Missile Turret x2  
  114  11:53  Missile Turret  
  114  11:54  Missile Turret, SCV  
  114  11:55  Missile Turret  
  114  11:56  SCV  
  114  11:57  Widow Mine x4  
  124  12:11  Missile Turret  
  124  12:14  SCV  
  124  12:15  SCV x3  
  128  12:25  Widow Mine  
  128  12:26  SCV, Widow Mine  
  133  12:34  Factory x2  
  133  12:35  Missile Turret  
  133  12:37  Terran Ship Weapons Level 1, Starport  
  133  12:46  Armory, Orbital Command  
  131  12:55  Missile Turret  
  131  13:10  Missile Turret x2  
  131  13:12  Missile Turret  
  131  13:14  SCV  
  131  13:15  Missile Turret x4  
  131  13:16  Missile Turret  
  132  13:29  Factory Reactor, Factory Tech Lab  
  132  13:31  Starport Tech Lab  
  132  13:34  Viking x2  
  132  13:35  Missile Turret, Viking  
  132  13:39  Terran Vehicle Weapons Level 2  
  138  13:43  SCV x2  
  138  13:44  SCV  
  141  14:09  Terran Vehicle And Ship Armor Level 2  
  141  14:12  Starport, Widow Mine x3  
  141  14:13  Widow Mine x3  
  141  14:14  Widow Mine  
  141  14:16  Starport  
  155  14:20  Hyperflight Rotors, Advanced Ballistics  
  146  15:38  Cloaking Field  
  118  16:30  Starport Tech Lab x2  
  118  16:34  Terran Ship Weapons Level 2, Terran Vehicle And Ship Armor Level 3, Terran Vehicle Weapons Level 3  
  118  16:37  Siege Tank x3  
  118  16:38  Widow Mine  
  118  16:39  Widow Mine x3  
  135  17:05  Banshee x4  
  135  17:07  Widow Mine x3  
  135  17:08  Viking x2, Widow Mine  
  157  17:09  Siege Tank x3  
  168  17:16  Refinery  
  168  17:17  Refinery  
  168  17:18  Missile Turret x2  
  168  17:19  Missile Turret x2  
  168  17:20  Missile Turret x2  
  168  17:25  Command Center  
  168  17:38  Viking x2  
  168  17:41  Missile Turret  
  164  17:48  Banshee x4  
  176  18:07  Viking  
  176  18:08  Viking  
  180  18:16  Siege Tank x2  
  180  18:17  Siege Tank  
  189  18:21  Widow Mine x4  
  197  18:30  Banshee  
  200  18:37  Orbital Command  
Show
View Real Time Build Order
Export as new Build Order

Gracz Zerg - Winner!

Build Orders: Pool First 

Get SALT Encoding   

  12  0:05  Drone  
  13  0:11  Drone  
  14  0:21  Overlord  
  14  0:43  Spawning Pool  
  14  0:44  Drone x2  
  14  0:45  Extractor  
  14  0:48  Drone  
  15  1:15  Drone x2  
  17  1:38  Zergling x4  
  17  1:39  Zergling x2  
  20  1:51  Extractor  
  19  2:08  Drone x2  
  18  2:56  Zergling x6  
  21  3:17  Drone  
  22  3:42  Extractor  
  21  3:51  Extractor  
  22  4:22  Extractor  
  22  4:23  Zergling x2  
  22  4:27  Burrow  
  22  4:29  Extractor, Overlord x2  
  22  4:31  Metabolic Boost, Hatchery  
  20  4:49  Drone x2  
  19  5:37  Queen  
  20  5:47  Zergling x6  
  23  5:52  Evolution Chamber  
  23  5:56  Evolution Chamber  
  21  6:04  Roach Warren  
  20  6:10  Baneling Nest  
  19  6:13  Drone x2  
  19  6:14  Drone x2  
  19  6:15  Drone  
  24  6:18  Queen  
  24  6:22  Queen  
  28  6:38  Drone x2  
  30  6:56  Roach x2  
  34  7:04  Drone x3  
  37  7:59  Roach x3  
  37  8:02  Lair  
  44  8:20  Zergling x2  
  44  8:21  Overlord  
  44  8:22  Overlord  
  39  8:52  Zergling x2  
  39  8:53  Zergling x2  
  39  9:23  Spire  
  38  9:46  Roach  
  38  9:47  Roach x2  
  38  9:52  Drone x3  
  47  10:09  Infestation Pit  
  46  10:17  Nydus Network, Zergling x4  
  46  10:20  Zergling x6  
  50  11:12  Nydus Canal  
  50  11:24  Zergling x6  
  53  11:50  Spire  
  53  11:52  Zerg Flyer Weapons Level 1  
  52  11:55  Corruptor x3  
  52  11:58  Corruptor  
  60  12:03  Overlord x2  
  60  12:19  Overlord  
  60  12:22  Zergling x4  
  62  12:30  Centrifical Hooks  
  62  12:32  Glial Reconstitution  
  62  12:36  Zerg Melee Weapons Level 1  
  62  12:37  Zerg Missile Weapons Level 1  
  62  12:38  Pathogen Glands  
  62  12:43  Hive  
  62  12:53  Mutalisk x2  
  62  12:54  Mutalisk  
  68  12:58  Mutalisk x2  
  68  12:59  Mutalisk  
  74  13:35  Neural Parasite  
  74  13:51  Tunneling Claws  
  74  14:17  Corruptor x3  
  74  14:19  Corruptor x2  
  84  14:31  Zerg Ground Armor Level 1  
  84  14:39  Overlord  
  84  15:35  Mutalisk  
  84  15:36  Mutalisk x2  
  90  18:30  Nydus Canal  
  72  18:55  Mutalisk x3  
  72  19:05  Mutalisk x3  
  78  20:20  Mutalisk  
  78  20:21  Mutalisk x5  
  80  20:25  Mutalisk  
  80  20:27  Overlord x3  
Show
View Real Time Build Order
Export as new Build Order

BitZero Protoss 

Build Orders:  

Get SALT Encoding   

  12  0:02  Probe (Chrono Boost)  
  13  0:22  Pylon  
  13  0:37  Pylon  
  13  0:47  Gateway  
  13  0:51  Assimilator  
  13  0:52  Probe (Chrono Boost)  
  14  1:03  Probe (Chrono Boost)  
  15  1:12  Forge  
  15  1:15  Probe (Chrono Boost)  
  16  1:26  Probe (Chrono Boost)  
  17  1:35  Zealot  
  17  1:36  Probe (Chrono Boost)  
  20  1:47  Probe (Chrono Boost)  
  21  1:58  Probe (Chrono Boost), Cybernetics Core  
  22  2:02  Zealot  
  24  2:24  Nexus  
  24  2:29  Zealot  
  26  2:33  Pylon  
  26  2:48  Pylon  
  26  2:58  Pylon  
  26  3:10  Photon Cannon  
  26  3:12  Photon Cannon  
  26  3:17  Zealot  
  28  3:23  Probe (Chrono Boost)  
  29  3:28  Assimilator  
  29  3:33  Probe (Chrono Boost)  
  30  3:39  Photon Cannon  
  30  3:44  Zealot  
  32  3:51  Photon Cannon  
  32  3:59  Probe (Chrono Boost)  
  33  4:09  Probe (Chrono Boost)  
  33  4:20  Probe (Chrono Boost)  
  34  4:30  Probe (Chrono Boost)  
  27  4:41  Probe (Chrono Boost)  
  27  4:42  Zealot  
  30  4:50  Stargate  
  30  4:53  Probe (Chrono Boost)  
  31  5:05  Stargate  
  31  5:09  Zealot  
  31  5:11  Pylon  
  33  5:17  Pylon  
  33  5:24  Pylon  
  33  5:38  Photon Cannon  
  33  5:42  Photon Cannon  
  33  5:46  Photon Cannon  
  33  5:55  Probe (Chrono Boost), Photon Cannon  
  34  6:00  Void Ray x2 (Chrono Boost)  
  42  6:05  Probe  
  43  6:17  Probe  
  44  6:29  Probe  
  44  6:31  Photon Cannon  
  45  6:38  Void Ray (Chrono Boost), Photon Cannon  
  45  6:39  Void Ray (Chrono Boost)  
  53  6:41  Probe  
  53  6:44  Photon Cannon  
  54  6:48  Photon Cannon  
  54  6:52  Photon Cannon  
  54  6:55  Photon Cannon  
  54  7:03  Photon Cannon  
  54  7:09  Photon Cannon  
  54  7:13  Assimilator, Probe  
  55  7:16  Mothership Core  
  55  7:20  Void Ray x2 (Chrono Boost)  
  65  7:25  Probe  
  66  7:37  Probe  
  67  7:49  Probe  
  68  7:57  Void Ray x2 (Chrono Boost), Photon Cannon  
  76  8:01  Probe  
  77  8:13  Probe  
  78  8:21  Zealot  
  78  8:25  Probe  
  85  8:34  Void Ray (Chrono Boost)  
  85  8:35  Void Ray (Chrono Boost)  
  89  8:42  Assimilator  
  89  8:49  Zealot  
  89  8:52  Photon Cannon  
  89  8:54  Photon Cannon  
  91  9:16  Zealot  
  93  10:03  Zealot  
  93  10:06  Photon Cannon  
  93  10:12  Photon Cannon  
  93  11:48  Pylon  
  93  11:50  Pylon  
  93  11:52  Pylon  
  93  11:54  Pylon  
  93  11:57  Pylon x2  
  93  12:06  Zealot  
  93  12:07  Void Ray (Chrono Boost)  
  103  12:09  Void Ray (Chrono Boost)  
  103  12:33  Zealot  
  105  12:44  Void Ray (Chrono Boost)  
  109  12:46  Void Ray (Chrono Boost)  
  73  13:19  Stargate  
  73  13:21  Void Ray (Chrono Boost)  
  73  13:22  Stargate, Zealot  
  73  13:23  Void Ray (Chrono Boost)  
  79  13:49  Zealot  
  81  13:58  Void Ray (Chrono Boost)  
  81  14:00  Void Ray (Chrono Boost)  
  89  14:03  Fleet Beacon  
  89  14:08  Twilight Council  
  84  14:17  Zealot  
  85  14:35  Void Ray (Chrono Boost)  
  85  14:38  Void Ray (Chrono Boost)  
  93  14:44  Stalker  
  95  14:50  Charge  
  102  15:13  Stalker, Void Ray (Chrono Boost)  
  114  15:15  Void Ray (Chrono Boost)  
  114  15:19  Carrier (Chrono Boost)  
  114  15:20  Carrier (Chrono Boost)  
  84  15:51  Carrier (Chrono Boost)  
  84  15:53  Carrier (Chrono Boost)  
  102  16:44  Carrier (Chrono Boost)  
  102  16:46  Carrier (Chrono Boost)  
  84  17:17  Mothership Core  
  74  17:45  Carrier (Chrono Boost)  
  27  18:51  Gateway  
  15  19:24  Nexus  
  1  19:56  Pylon  
Show
View Real Time Build Order
Export as new Build Order

Louis Terran 

Build Orders: MMM Bio 

Get SALT Encoding   

  12  0:30  SCV  
  13  0:36  Supply Depot  
  13  0:42  SCV  
  14  0:54  SCV  
  14  0:55  Refinery  
  15  0:57  Refinery  
  15  1:05  Barracks  
  15  1:06  SCV  
  16  1:18  SCV  
  17  1:30  SCV  
  18  1:42  SCV  
  19  1:55  SCV  
  19  1:56  Barracks  
  19  1:58  Barracks  
  20  2:07  SCV  
  21  2:45  Barracks x2  
  21  2:47  Barracks  
  21  2:52  Supply Depot  
  21  2:53  Supply Depot  
  21  3:00  Supply Depot  
  21  3:22  Bunker  
  21  3:41  Bunker  
  21  3:59  Factory  
  21  4:03  Orbital Command  
  21  4:12  Barracks Reactor x2  
  21  4:13  Barracks Tech Lab  
  21  4:17  Barracks Reactor x2  
  21  4:21  Barracks Reactor  
  21  4:26  Marine  
  21  4:29  SCV  
  23  4:39  Command Center  
  23  4:41  SCV  
  23  4:44  Marine  
  25  4:52  Stimpack  
  25  4:53  SCV  
  25  5:02  Marine x4  
  25  5:03  Marine x5, Marauder  
  25  5:05  SCV  
  37  5:17  SCV  
  37  5:20  Marine x5, Factory Tech Lab  
  37  5:21  Marine  
  44  5:24  Marine, Marauder  
  47  5:37  Supply Depot  
  47  5:42  Supply Depot  
  47  5:51  Marine x7, SCV  
  47  5:56  Marine  
  47  5:57  Marine x2  
  58  6:08  Marine x7  
  65  6:14  Marine x2  
  65  6:15  Marine  
  68  6:26  Marine x7  
  68  6:28  Siege Tank  
  78  6:51  Supply Depot  
  78  6:52  Supply Depot  
  78  6:53  Combat Shields  
  78  6:57  Supply Depot  
  78  7:12  Marine x6, SCV x2  
  78  7:14  Marine  
  87  7:16  Marine x3  
  90  7:24  SCV x2  
  92  7:30  Marine x4  
  92  7:37  SCV x2  
  96  7:49  SCV x2  
  98  8:01  SCV  
  99  8:12  Concussive Shells  
  99  8:25  Marine x2  
  99  8:26  Marine x3  
  102  8:36  Marine x3  
  102  8:38  Marine  
  102  8:45  Marine x2  
  102  8:46  Marine  
  102  8:47  Marine x3  
  96  8:54  Marine x3  
  54  8:56  Marine  
  55  9:03  Marine x2, SCV  
  55  9:04  Marine  
  55  9:05  Marine x3  
  55  9:09  Orbital Command  
  62  9:12  Marine x3  
  62  9:14  Marine  
  62  9:15  SCV  
  67  9:20  Engineering Bay x2  
  67  9:21  Marine x2  
  67  9:22  Marine  
  67  9:23  Marine x2  
  72  9:26  Starport  
  72  9:27  SCV  
  72  9:28  Siege Tank  
  72  9:30  Marine, Starport  
  72  9:31  Marine x3  
  78  9:32  Marine, Starport  
  81  9:38  Marine x2  
  81  9:39  SCV x2  
  81  9:40  Marine x3  
  88  9:50  Terran Infantry Armor Level 1  
  88  9:51  SCV x2, Terran Infantry Weapons Level 1  
  90  10:00  Siege Tank  
  90  10:01  Command Center  
  90  10:03  SCV  
  94  10:08  Starport Reactor  
  94  10:11  Starport Reactor  
  89  10:17  Starport Reactor  
  89  10:19  Marine x6  
  89  10:20  Marine x2  
  95  10:32  Siege Tank  
  50  10:50  Marine  
  50  10:51  Marine x2  
  50  10:52  Marine x7  
  59  11:04  Siege Tank  
  59  11:08  Marine  
  59  11:09  Marine x2  
  65  11:11  Liberator  
  65  11:17  Armory  
  65  11:22  Orbital Command  
  68  11:36  Siege Tank  
  71  11:51  SCV  
  71  11:52  SCV  
  73  12:03  SCV  
  73  12:04  SCV  
  73  12:05  Terran Infantry Weapons Level 2  
  75  12:08  Siege Tank  
  75  12:10  Terran Infantry Armor Level 2  
  78  12:24  Marine x2  
  78  12:25  Marine x4  
  84  12:37  SCV  
  84  12:42  SCV  
  86  12:50  SCV  
  87  12:54  SCV  
  88  13:02  SCV  
  89  13:06  SCV  
  90  13:15  SCV  
  90  13:16  SCV  
  90  13:17  Marine x5  
  90  13:18  Marine x5, SCV  
  102  13:27  SCV  
  102  13:28  SCV  
  103  13:35  Marine x6  
  103  13:36  Marine x4  
  112  13:52  Marine  
  112  13:53  Marine x4  
  117  14:07  Supply Depot  
  117  14:08  Supply Depot  
  117  14:10  Supply Depot  
  117  14:15  Liberator  
  117  14:19  Command Center  
  117  14:30  Marine  
  117  14:31  Supply Depot  
  118  14:32  Marine x5  
  118  14:33  Supply Depot  
  118  14:35  Liberator, Supply Depot  
  118  14:37  Liberator x2  
  126  14:52  Marine x5  
  134  14:54  Marine x2, Supply Depot  
  134  14:56  Marine x3  
  145  15:10  Marine  
  72  16:10  Marine x3  
  72  16:11  Marine x3  
  76  16:12  Marine  
  76  16:28  Marine x2  
  43  16:55  Marine x3  
  43  16:56  Marine x2  
Show
View Real Time Build Order
Export as new Build Order

Sakura Zerg 

Build Orders: Pool First 

Get SALT Encoding   

  12  0:01  Drone  
  13  0:11  Drone  
  14  0:17  Overlord  
  14  0:36  Drone x3  
  17  0:47  Extractor  
  17  0:49  Spawning Pool  
  15  1:11  Hatchery  
  15  1:15  Drone  
  15  1:24  Overlord  
  15  1:36  Zergling x4  
  17  1:45  Queen  
  19  1:55  Zergling x4  
  21  2:08  Metabolic Boost  
  21  2:13  Overlord  
  21  2:15  Drone  
  22  2:27  Queen  
  24  2:34  Zergling x2  
  24  3:02  Overlord x2  
  24  3:13  Drone x2  
  24  3:14  Drone  
  27  3:28  Lair  
  27  3:33  Drone  
  27  3:34  Extractor, Drone x3  
  31  3:36  Drone  
  31  3:51  Drone x3  
  34  3:55  Spine Crawler  
Tags
 
Add a new tag
Caveats
  • Supply blocks, unpowered buildings, or Contaminate may cause inaccurate times.
  • Supply counts are checked every 10 seconds.